AoeStats
← Joe

Black Forest

509978509Analyzed
3v3 RM · 2d ago on Sep 28, 2026· 39m 25s· 6 players
Game mode
Random Map
Map size
Normal (6 player)
Population
200
Speed
Normal
Resources
Standard
Victory
Conquest
Starting age
Dark Age
Ending age
Imperial Age
RankedLock teamsTeams togetherTeam positionsShared explorationLock speedFull tech treeHidden civsTurbo modeCheats
Victory
Defeat
🇪🇸 Danes · Spain
1446
+9
🇨🇦 Saracens · Canada
1279
+16
🇪🇸 Britons · Spain
1000
+102
🇨🇴 Bohemians · Colombia
1345
-20
🇭🇳 Hindustanis · Honduras
1296
-18
🇦🇷 Bohemians · Argentina
1173
-13
SOITA
9:55 Feudal Age
14:52 Castle Age
13:04 Double-Bit Axe
13:44 Loom
13:42 Horse Collar
16:03 Bow Saw
15:41 Town Watch
18:10 Wheelbarrow
23:13 Fletching
31:10 Imperial Age
29:01 Hand Cart
29:31 Scale Barding Armor
29:38 Forging
30:07 Husbandry
30:19 Bloodlines
31:09 Gold Mining
32:23 Chain Barding Armor
34:20 Heavy Camel Rider
35:37 Iron Casting
38:15 Plate Barding Armor
38:41 Blast Furnace
38:24 Bodkin Arrow
MALAJUNTA
0:27 Loom
13:59 Feudal Age
15:23 Double-Bit Axe
20:18 Castle Age
20:27 Fishing Lines
21:22 Bow Saw
21:23 Gillnets
22:11 Fervor
22:23 Sanctity
26:15 Redemption
26:43 Wheelbarrow
28:12 Hand Cart
32:05 Imperial Age
30:01 Fortified Wall
30:30 Fletching
31:44 Chemistry
31:48 Bodkin Arrow
32:17 Ballistics
33:06 Block Printing
34:46 Bracer
36:14 Illumination
37:40 Illumination
WATERMELON
1:33 Loom
12:01 Feudal Age
16:07 Castle Age
14:27 Double-Bit Axe
17:27 Bow Saw
18:43 Fishing Lines
20:45 Horse Collar
21:45 Wheelbarrow
22:17 Gillnets
22:18 Town Watch
23:11 Fletching
24:55 Hand Cart
26:49 Fervor
30:21 Imperial Age
29:26 Pikeman
31:14 Chemistry
30:28 Squires
30:30 Padded Archer Armor
30:27 Bodkin Arrow
30:49 Elite Skirmisher
31:48 Scale Mail Armor
32:58 Two-Man Saw
31:27 Halberdier
33:40 Bracer
34:53 Siege Engineers
36:00 Leather Archer Armor
36:01 Chain Mail Armor
36:24 Conscription
36:59 Forging
36:37 Arson
zhengyifan2003
10:24 Feudal Age
14:35 Castle Age
12:23 Double-Bit Axe
17:09 Bow Saw
18:45 Wheelbarrow
18:15 Loom
21:29 Fishing Lines
22:44 Hand Cart
23:00 Horse Collar
23:51 Gold Mining
27:52 Imperial Age
25:09 Town Watch
25:27 Gillnets
27:00 Gold Shaft Mining
26:27 Heavy Plow
28:14 Onager
30:08 Chemistry
29:14 Siege Engineers
30:37 Conscription
30:26 Devotion
30:00 Northmen's Fury
31:04 Siege Onager
LonGhar
11:49 Feudal Age
17:20 Castle Age
20:17 Double-Bit Axe
23:46 Gold Mining
23:47 Stone Mining
23:41 Horse Collar
26:18 Gold Shaft Mining
25:48 Heavy Plow
28:17 Wheelbarrow
29:39 Crossbowman
30:48 Hand Cart
30:33 Town Watch
30:36 Loom
33:47 Imperial Age
32:35 Padded Archer Armor
32:25 Fletching
33:31 Leather Archer Armor
34:35 Ballistics
34:11 Murder Holes
34:16 Bodkin Arrow
33:48 Arbalester
36:15 Bow Saw
36:25 Elite Longbowman
38:58 Ring Archer Armor
Joe
1:09 Loom
12:14 Feudal Age
13:03 Double-Bit Axe
13:10 Gold Mining
16:10 Fletching
21:46 Castle Age
21:34 Padded Archer Armor
21:58 Crossbowman
22:43 Thumb Ring
22:56 Bodkin Arrow
23:57 Leather Archer Armor
24:36 Horse Collar
28:21 Fortified Wall
28:36 Heavy Plow
29:09 Town Watch
30:19 Murder Holes
33:57 Masonry
Connection lost

Rejoining the realm…

Still unreachable

The connection could not be restored.

Session expired

The server has moved on; the page needs a fresh start.